cohdb
Replays
Latest Replays
All Replays
Popular Replays
Top Player Replays
Match Explorer
How It Works
Community
CoH3 Stats
Reddit
Sign in to upload your games and track your stats! →
Sign in with Steam
Match 44834349
Unlisted
Match 44834349
Overview
Messages
Build Orders
End
Kettenkrad Recon Vehicle
Construct Infanterie Kompanie
Selects Mechanized Battlegroup
MG 42 Machine Gun Team
Grenadier Squad
GrW 34 Mortar Team
Construct Luftwaffe Kompanie
Jäger Squad
MG 42 Machine Gun Team
Selects Mobile Repair Stations
221 Scout Car
Flak 30 Anti-aircraft Gun Team
Support Elements
Wirbelwind Flakpanzer
Medical Bunker
Selects Wespe Self-propelled Artillery
Wespe Self-propelled Artillery
Marder III M Tank Destroyer
Construct Panzergrenadier Kompanie
Selects Raid Package
Justive killer
THE FUTURE IS NOW OLD MAN
Paradox
76561199514355946
★ BLACK HAWK ★
Serial Chiller
Toejamkid
YKH
0
0
Comments
sign in to comment!
No comments posted yet!